 Dungeon Crawl Stone Soup version 0.31-a0-1626-g5cb510d322 (webtiles) character file.

Game seed: 15279193948930840034

203 LeprechaunX the Changeling (level 5, 0/52 HPs)
             Began as an Octopode Shapeshifter on Jan 12, 2024.
             Killed from afar by an orc wizard (10 damage)
             ... with a puff of flame
             ... on level 4 of the Dungeon.
             The game lasted 00:03:58 (2298 turns).

LeprechaunX the Changeling (Octopode Shapeshifter)  Turns: 2298, Time: 00:04:00

Health: 0/52       AC: 22    Str: 13    XL:     5   Next: 81%
Magic:  5/5        EV:  2    Int: 12    God:
Gold:   159        SH:  0    Dex: 14    Spells: 4/4 levels left

rFire   . .          .
                       - Unarmed
rCold   . . .        (no shield)
rNeg    . . .        (helmet currently unavailable)
rPois   +            (no amulet)
rElec   .            (no ring)
rCorr   .            (no ring)
SInv    .            (no ring)
Will    .....        (no ring)
Stlth   +            (no ring)
HPRegen 0.28/turn    (no ring)
MPRegen 0.09/turn    (no ring)
                     (no ring)

%: no passive effects
@: tree-form
A: stationary, stasis, torment immunity, boosted hp, almost no armour,
(amphibious), 8 rings, (camouflage 1), (gelatinous body 1), (nimble swimmer 1),
(tentacles)
a: no special abilities


You were on level 4 of the Dungeon.
You were a tree.
You visited 1 branch of the dungeon, and saw 4 of its levels.

You collected 159 gold pieces.

Inventory:

Hand Weapons
 a - a +0 longbow
Armour
 s - a +0 buckler
Jewellery
 l - a ring of fire
Talismans
 b - a beast talisman
 c - a flux talisman
 d - a maw talisman
Scrolls
 g - 2 scrolls of amnesia {unknown}
 i - 2 scrolls of identify {unknown}
 k - a scroll of revelation {unknown}
 m - a scroll of fear {unknown}
 r - a scroll of blinking {unknown}
Potions
 e - a potion of ambrosia {unknown}
 f - 5 potions of curing
 h - a potion of cancellation {unknown}
 j - 2 potions of degeneration {unknown}
 n - a potion of lignification
 o - a potion of berserk rage {unknown}
 p - a potion of enlightenment {unknown}
 q - a potion of mutation {unknown}


   Skills:
 + Level 2.5 Fighting
 + Level 3.1 Dodging
 + Level 3.8 Unarmed Combat
 * Level 4.3 Shapeshifting


You had 4 spell levels left.
You didn't know any spells.
Your spell library was empty.

Dungeon Overview and Level Annotations

Branches:
Dungeon (4/15)
 Temple: D:4-7

Altars:

Shops:
D:1 *


Innate Abilities, Weirdness & Mutations

You are a tree.
Your roots penetrate the ground, keeping you stationary.
You cannot be teleported.
You are immune to unholy pain and torment.
Your maximum health is greatly increased.
You cannot wear most types of armour.
((You are amphibious.))
You can wear up to eight rings at the same time.
((Your skin changes colour to match your surroundings (Stealth+).))
((Your rubbery body absorbs attacks. (AC +1, EV +1)))
((You are camouflaged when in or above water. (Stealth+)))
((You have tentacles for arms and can constrict up to eight enemies at once.))


Message History

The orc wizard gestures wildly while chanting.
The orc wizard flickers and vanishes!
Deactivating autopickup; reactivate with Ctrl-A.
The scorpion stings you!
* * * LOW HITPOINT WARNING * * *
Your transformation has ended.
You turn into a tree.
Your roots penetrate the ground.
You lose your grip on the scorpion.
The scorpion stings you but does no damage.
You hit the scorpion.
The scorpion is severely wounded.
The scorpion barely misses you.
You smack the scorpion!
You kill the scorpion!
Your Dodging skill increases to level 3!
You hit the orc.
The orc is severely wounded.
You barely miss something. The orc hits you but does no damage.
Something hits you but does no damage.
You barely miss something. The orc hits you but does no damage.
Something hits you but does no damage.
You hit something. The orc hits you with a +0 hand axe.
* * * LOW HITPOINT WARNING * * *
Something hits you but does no damage.
You barely miss the orc.
The orc is severely wounded.
The orc hits you but does no damage.
You hear some strange, mumbled words.
A puff of flame appears from out of thin air!
The puff of flame hits you but does no damage.
You barely miss the orc.
The orc is severely wounded.
The orc hits you but does no damage. Something hits you but does no damage.
You barely miss the orc.
The orc is severely wounded.
The orc hits you but does no damage.
You hear some strange, mumbled words.
A puff of flame appears from out of thin air!
The puff of flame hits you!
You die...

#... #.#.... .....
..>.### #####.##..#
#.........#####
#.$..#........## #.
#.♣o#.........#
#...##{##..<#
#............##..#
##.)...!..........#
#...........#.#..#
#.....#.....### #
#...........#
#..#####....## ...
#.....


You could see an orc.

Vanquished Creatures
  A scorpion (D:4)
  A bombardier beetle (D:3)
  6 adders
  3 ribbon worms (D:2)
  A dart slug (D:3)
  An orc (D:4)
  9 ball pythons
  4 bats
  7 endoplasms
  5 giant cockroaches
  4 goblins
  3 hobgoblins (D:2)
  4 frilled lizards
  A kobold (D:2)
  4 rats
54 creatures vanquished.

Notes
Turn   | Place    | Note
-------+----------+-------------------------------------------
     0 | D:1      | LeprechaunX the Octopode Shapeshifter began the quest for
                  | the Orb.
     0 | D:1      | Reached XP level 1. HP: 13/13 MP: 1/1
   102 | D:1      | Reached XP level 2. HP: 8/18 MP: 2/2
   336 | D:1      | Found a faded altar of an unknown god.
   456 | D:1      | Found Winaej's General Store.
   834 | D:2      | Reached XP level 3. HP: 23/23 MP: 3/3
  1163 | D:2      | Reached XP level 4. HP: 20/29 MP: 4/4
  1579 | D:3      | Reached skill level 4 in Shapeshifting
  1579 | D:3      | Reached XP level 5. HP: 28/34 MP: 5/5
  2298 | D:4      | Killed from afar by an orc wizard

Illustrated notes

Levels and vault maps discovered:
D:1:      onia_arrival_handbag, layout_loops_ring, serial_shops, shop,
          serial_glass, glass_columns_b, glass_columns_c, glass_columns_a,
          feat_on_display, due_unseen_surprise, chequers_ecumenical_altar_island
D:2:      layout_rooms, minmay_misc_feat_square
D:3:      layout_loops_cross, minmay_misc_feat_roman, kennysheep_generic_room_2
D:4:      old_forge, layout_cave_pools, kennysheep_generic_room_4

Skill      XL: |  1  2  3  4  5 |
---------------+----------------+-----
Fighting       | 2 |  2.5
Shapeshifting  | 4 |  4.3
Dodging        | 3 |  3.1
Unarmed Combat | |  3.8

Action                     |  1- 3 |  4- 6 || total
---------------------------+-------+-------++-------
  Melee: Unarmed           |    59 |    52 ||   111
         Constrict         |    12 |    10 ||    22
         Tentacles         |    11 |    10 ||    21
         Punch             |     1 |       ||     1
   Fire: Longbow           |       |     3 ||     3
    Use: Potion            |       |     2 ||     2
   Stab: Sleeping          |     4 |     5 ||     9
 Armour: Skin              |    28 |    35 ||    63
  Dodge: Dodged            |    40 |    32 ||    72

Table legend: (Time is in decaauts)
 A = Elapsed time spent in this place.
 B = Non-inter-level travel time spent in this place.
 C = Inter-level travel time spent in this place.
 D = Time resting spent in this place.
 E = Time spent auto-exploring this place.
 F = Levels seen in this place.
 G = Mean time per level.
                   A        B        C        D        E       F      G
               +--------+--------+--------+--------+--------+-----+--------+
         Total |   2291 |   2146 |    145 |      0 |   1771 |   4 |  572.8 |
       Dungeon |   2291 |   2146 |    145 |      0 |   1771 |   4 |  572.8 |
               +--------+--------+--------+--------+--------+-----+--------+

Top non-repeatable levels by time:
     D:3: 880 daAuts
     D:1: 814 daAuts
     D:2: 569 daAuts
     D:4: 27 daAuts
